 Dungeon Crawl Stone Soup version 0.22-a0-254-gaf95ca0 (webtiles) character file.

8668 mhoghedin the Fighter (level 11, -1/92 HPs)
             Began as a Gnoll Wanderer on Mar 4, 2018.
             Was a Believer of Ashenzari.
             Engulfed by an ice statue's freezing vapour (5 damage)
             ... in an ice cave.
             The game lasted 00:14:04 (9618 turns).

mhoghedin the Fighter (Gnoll Wanderer)              Turns: 9618, Time: 00:14:06

Health: -1/92      AC: 11    Str: 19    XL:     11   Next: 34%
Magic:  20/20      EV: 14    Int: 15    God:    Ashenzari [**....]
Gold:   88         SH: 11    Dex: 16    Spells: 22/22 levels left

rFire    + + +     SeeInvis .   l - +1 scimitar of Callousness {flame, *Drain rPois rF+ Str+3} (curse)
rCold    + + .     Gourm    .   y - +0 shield (curse)
rNeg     . . .     Faith    .   b - +0 ring mail
rPois    +         Spirit   .   j - +1 helmet
rElec    +         Reflect  .   D - scarf {rC+ rF+} (curse)
rCorr    +         Harm     .   E - +2 pair of gloves
MR       .....                  (no boots)
Stlth    +++.......             (no amulet)
HPRegen  0.25/turn              s - ring of poison resistance (curse) {rPois, !d}
MPRegen  0.17/turn              (no ring)

@: resistant
A: distributed training, fangs 1, strong nose
a: Curse Item, Scrying, Renounce Religion


You were in an ice cave.
You worshipped Ashenzari.
Ashenzari was pleased with you.
You were not hungry.

You visited 3 branches of the dungeon, and saw 12 of its levels.
You also visited: Ice Cave.

You collected 429 gold pieces.
You spent 341 gold pieces at shops.

Inventory:

Hand Weapons
 l - the cursed +1 scimitar of Callousness (weapon) {flame, *Drain rPois rF+ Str+3}
   (You found it on level 5 of the Dungeon)

   It has been specially enchanted to burn those struck by it, causing extra
   injury to most foes and up to half again as much damage against particularly
   susceptible opponents.
   Big, fiery blades are also staple armaments of hydra-hunters.
   It affects your strength (+3).
   It protects you from fire.
   It protects you from poison.
   It causes draining when unequipped.
   It has a curse placed upon it.
Missiles
 x - 12 tomahawks of dispersal (quivered) {=f}
Armour
 b - a +0 ring mail (worn)
 j - a +1 helmet (worn)
   (You found it on level 3 of the Dungeon)
 y - a cursed +0 shield (worn)
   (You took it off a gnoll sergeant on level 8 of the Dungeon)
 D - a cursed scarf of resistance (worn)
   (You bought it in a shop on level 7 of the Dungeon)
 E - a +2 pair of gloves (worn)
   (You bought it in a shop on level 7 of the Dungeon)
Jewellery
 s - a cursed ring of poison resistance (left hand) {rPois, !d}
   (You found it on level 5 of the Dungeon)
 H - an uncursed ring of magical power {MP+9}
   (You found it on level 9 of the Dungeon)
Wands
 g - a wand of iceblast (10)
   (You found it on level 4 of the Dungeon)
 p - a wand of polymorph (7)
   (You found it on level 5 of the Dungeon)
 B - a wand of random effects (28)
   (You found it on level 8 of the Dungeon)
 C - a wand of flame (59)
   (You found it on level 8 of the Dungeon)
Scrolls
 a - 3 scrolls of blinking {!r}
 f - a scroll of enchant armour
 q - 5 scrolls of teleportation
 u - 4 scrolls of amnesia
 w - 2 scrolls of remove curse
Potions
 c - 2 potions of resistance
 n - a potion of degeneration {!q}
 r - 2 potions of brilliance {unknown}
 t - 3 potions of curing
 v - 3 potions of haste
 z - a potion of mutation {unknown}
 A - 3 potions of flight
 G - 2 potions of might {unknown}
Comestibles
 d - 15 rations


   Skills:
 + Level 10.4 Fighting
 + Level 6.1 Short Blades
 + Level 6.1(8.4) Long Blades
 + Level 6.1 Axes
 + Level 6.1 Maces & Flails
 + Level 7.7 Polearms
 + Level 6.1 Staves
 + Level 6.1 Slings
 + Level 6.1 Bows
 + Level 6.7 Crossbows
 + Level 6.7 Throwing
 + Level 6.1 Armour
 + Level 6.7 Dodging
 + Level 6.1 Stealth
 + Level 6.1(7.6) Shields
 + Level 6.1 Unarmed Combat
 + Level 6.1 Spellcasting
 + Level 5.0 Conjurations
 + Level 5.0 Hexes
 + Level 5.0 Charms
 + Level 5.0 Summonings
 + Level 5.0 Necromancy
 + Level 5.0 Translocations
 + Level 5.0 Transmutations
 + Level 5.0 Fire Magic
 + Level 5.0 Ice Magic
 + Level 5.0 Air Magic
 + Level 5.0 Earth Magic
 + Level 5.0 Poison Magic
 + Level 6.7 Invocations
 + Level 6.7 Evocations


You had 22 spell levels left.
You didn't know any spells.

Dungeon Overview and Level Annotations

Branches:
Dungeon (9/15)             Temple (1/1) D:4            Lair (2/6) D:9
  Swamp: Lair:2-4    Shoals: Lair:2-4     Snake: Lair:2-4    Spider: Lair:2-4
    Orc: D:9-12

Altars:
Ashenzari
Cheibriados
Dithmenos
Elyvilon
Fedhas
Gozag
Hepliaklqana
Kikubaaqudgha
Makhleb
Nemelex Xobeh
Okawaru
Qazlal
Ru
Sif Muna
Trog
Uskayaw
Vehumet
Wu Jian
Xom
Yredelemnul
Zin
The Shining One

Shops:
D:7 [   D:9 !(

Annotations:
D:4 exclusion: statue IceCv exclusion: 2 ice statues


Innate Abilities, Weirdness & Mutations

Your experience applies equally to all skills.
You have very sharp teeth.
Your uncanny sense of smell can sniff out nearby items.


Message History

The ufetubus is engulfed in freezing vapours.
You block the white imp's attack. The white imp closely misses you.
You slash the white imp! You burn the white imp.
You kill the white imp!
The white imp gestures at you. The puff of frost hits you!
You slash the white imp! You burn the white imp.
You kill the white imp!
The white imp closely misses you.
You riposte.
You slash the white imp! You burn the white imp.
You kill the white imp!
You barely miss the ufetubus. The ufetubus closely misses you.
The ufetubus barely misses you. x2; The ufetubus misses you.
You miss the ufetubus. The ufetubus barely misses you.
You riposte.
You slash the ufetubus! You burn the ufetubus.
You kill the ufetubus!
You start resting.
All of the chunks of flesh in your inventory have rotted away.
A white imp comes into view.
You regained 34 hp, and now have 79/92 hp.
The white imp misses you.
You riposte.
You hit the white imp but do no damage. You hit the white imp but do no damage.
The white imp gestures at you. The puff of frost hits you! You resist.
The white imp misses you.
You take 2 damage, and have 78/92 hp.
You hit the white imp but do no damage. The white imp gestures at you.
You block the puff of frost.
You slash the white imp! You burn the white imp.
You kill the white imp!
You are feeling hungry.
You eat one of the 16 rations.
That ration really hit the spot!
You start resting.
You are engulfed in freezing vapours.
You resist.
You take 5 damage, and have 75/92 hp.
You're standing in a cloud of freezing vapour!
You're standing in a cloud of freezing vapour!
Unknown command. 2 ice statues come into view.
The ice statue gestures.
You hit the ice statue.
You melt the ice statue.
You hit the ice statue.
You melt the ice statue.
The ice statue gestures at you. The freezing blast engulfs you! You resist.
You take 1 damage, and have 74/92 hp.
You feel protected.
You are engulfed in freezing vapours.
You resist.
You take 4 damage, and have 70/92 hp.
You hit the ice statue.
You melt the ice statue.
You bite the ice statue.
You are engulfed in freezing vapours.
You resist. The ice statue gestures at you. The shard of ice hits you!
You partially resist. You block the ice beast's attack.
You take 21 damage, and have 49/92 hp.
MASSIVE DAMAGE!!
You slash the ice statue!
You melt the ice statue.
You are engulfed in freezing vapours.
You resist. The ice beast misses you.
You take 5 damage, and have 44/92 hp.
You hit the ice statue but do no damage.
You are engulfed in freezing vapours.
You resist.
The ice beast hits you but does no damage.
You take 4 damage, and have 40/92 hp.
You hit the ice statue but do no damage.
You block the ice beast's attack.
You slash the ice statue!
You melt the ice statue.
The ice statue gestures at you.
The freezing blast engulfs the ice beast.
The ice beast completely resists.
The ice statue gestures at you. The freezing blast engulfs you! You resist.
The ice beast hits you but does no damage.
You take 2 damage, and have 38/92 hp.
You hit the ice statue but do no damage.
You are engulfed in freezing vapours.
You resist. The ice statue gestures at you. The bolt of cold hits you!
You resist.
* * * LOW HITPOINT WARNING * * *
The ice beast hits you but does no damage.
You take 13 damage, and have 25/92 hp.
Unknown command.
You hit the ice statue but do no damage.
You are engulfed in freezing vapours.
You resist.
* * * LOW HITPOINT WARNING * * *
The ice beast hits you.
* * * LOW HITPOINT WARNING * * *
The ice beast freezes you. You resist.
* * * LOW HITPOINT WARNING * * *
You take 10 damage, and have 15/92 hp.
You hit the ice statue.
You melt the ice statue.
You are engulfed in freezing vapours.
You resist.
* * * LOW HITPOINT WARNING * * *
The ice statue gestures at you. The bolt of cold hits you! You resist.
* * * LOW HITPOINT WARNING * * *
You block the ice beast's attack.
You take 11 damage, and have 4/92 hp.
You slash the ice statue!
You melt the ice statue.
You bite the ice statue, but do no damage.
You are engulfed in freezing vapours.
You resist.
You die...

#### #### ###.#§##
##..## #### 8....§§##
#....#####..####§...§§≈#
.......##...§##.....§§§#
.∩.∩.......#..§§.§..§§§#
..........###§§.§§§...#*
#....##..##*###§Y.....#
##..###### *##@.§...#
####≈ *≈ ≈ ≈*#8§§§...#
≈≈ ≈ ##§§§§.## ≈≈≈ ≈ **
* #..§.## ≈≈ ** ,*
##..## * *... * * ≈* ,,
#... , , , , ..## , ,


You could see 2 ice statues and an ice beast.

Vanquished Creatures
  A two-headed ogre (D:9)
  3 ice devils
  4 blink frogs (Lair:1)
  A hippogriff (D:8)
  Sigmund (D:2)
  7 yaks (Lair:1)
  The ghost of Nr616 the Cleaver, an amateur MiBe of Trog (D:4)
  A steam dragon (D:9)
  A hungry ghost (D:8)
  A porcupine (Lair:1)
  An ice beast (D:9)
  A sky beast (D:6)
  A necrophage (D:6)
  2 phantoms
  An orc warrior (D:7)
  An ogre (D:4)
  5 centaurs
  4 crocodiles
  10 bullfrogs
  2 big kobolds
  A gnoll sergeant (D:8)
  4 scorpions
  22 killer bees
  3 howler monkeys
  3 crimson imps
  An electric eel (Lair:1)
  2 centaur zombies
  A quasit (D:8)
  4 jellies
  5 hounds
  4 orc priests
  2 bullfrog skeletons
  Jessica (D:2)
  4 iguanas
  4 orc wizards
  5 worker ants
  A worker ant zombie (D:8)
  11 adders
  3 gnolls (D:8)
  2 shadow imps (D:9)
  4 white imps (IceCv)
  2 ufetubi (IceCv)
  2 adder skeletons (D:4)
  A worm (D:2)
  3 dart slugs
  3 leopard geckos
  22 orcs
  4 bats (D:1)
  8 giant cockroaches
  6 goblins
  11 hobgoblins
  4 jackals (D:1)
  17 kobolds
  4 quokkas
  2 frilled lizards
  A leopard gecko zombie (D:7)
  5 rats
231 creatures vanquished.

Vanquished Creatures (others)
  A reaper (IceCv)
  4 white imps (IceCv)
  8 ufetubi (IceCv)
  4 toadstools (D:1)
17 creatures vanquished.

Grand Total: 248 creatures vanquished

Notes
Turn   | Place    | Note
-------+----------+-------------------------------------------
     0 | D:1      | mhoghedin the Gnoll Wanderer began the quest for the Orb.
     0 | D:1      | mhoghedin set off with: a +2 spear, a +0 ring mail, a potion of lignification {!q}, a ration
     0 | D:1      | Reached XP level 1. HP: 26/26 MP: 2/2
    28 | D:1      | You fall through a shaft!
    58 | D:2      | Reached XP level 2. HP: 31/33 MP: 3/3
   226 | D:2      | Noticed Jessica
   233 | D:2      | Killed Jessica
   233 | D:2      | Reached skill level 1 in Invocations
   233 | D:2      | Reached XP level 3. HP: 34/38 MP: 4/4
   259 | D:2      | Reached skill level 1 in Short Blades
   259 | D:2      | Reached skill level 1 in Long Blades
   259 | D:2      | Reached skill level 1 in Axes
   259 | D:2      | Reached skill level 1 in Maces & Flails
   259 | D:2      | Reached skill level 1 in Staves
   259 | D:2      | Reached skill level 1 in Slings
   259 | D:2      | Reached skill level 1 in Bows
   259 | D:2      | Reached skill level 1 in Armour
   259 | D:2      | Reached skill level 1 in Stealth
   259 | D:2      | Reached skill level 1 in Shields
   259 | D:2      | Reached skill level 1 in Unarmed Combat
   259 | D:2      | Reached skill level 1 in Spellcasting
   278 | D:2      | Reached XP level 4. HP: 34/45 MP: 6/6
   385 | D:2      | Found an ornate altar of the Wu Jian Council.
   416 | D:2      | Found a bloodstained altar of Trog.
   535 | D:2      | Reached skill level 1 in Conjurations
   535 | D:2      | Reached skill level 1 in Hexes
   535 | D:2      | Reached skill level 1 in Charms
   535 | D:2      | Reached skill level 1 in Summonings
   535 | D:2      | Reached skill level 1 in Necromancy
   535 | D:2      | Reached skill level 1 in Translocations
   535 | D:2      | Reached skill level 1 in Transmutations
   535 | D:2      | Reached skill level 1 in Fire Magic
   535 | D:2      | Reached skill level 1 in Ice Magic
   535 | D:2      | Reached skill level 1 in Air Magic
   535 | D:2      | Reached skill level 1 in Earth Magic
   535 | D:2      | Reached skill level 1 in Poison Magic
   549 | D:2      | Noticed Sigmund
   579 | D:2      | Killed Sigmund
   579 | D:2      | Reached skill level 3 in Crossbows
   579 | D:2      | Reached skill level 3 in Throwing
   579 | D:2      | Reached skill level 3 in Dodging
   579 | D:2      | Reached skill level 2 in Invocations
   579 | D:2      | Reached skill level 3 in Evocations
   579 | D:2      | Reached XP level 5. HP: 43/51 MP: 7/7
   579 | D:2      | Reached XP level 6. HP: 48/57 MP: 8/8
   745 | D:2      | Found a shimmering altar of Xom.
  1405 | D:1      | Found a glowing golden altar of the Shining One.
  2408 | D:4      | Reached skill level 2 in Short Blades
  2408 | D:4      | Reached skill level 2 in Long Blades
  2408 | D:4      | Reached skill level 2 in Axes
  2408 | D:4      | Reached skill level 2 in Maces & Flails
  2408 | D:4      | Reached skill level 5 in Polearms
  2408 | D:4      | Reached skill level 2 in Staves
  2408 | D:4      | Reached skill level 2 in Slings
  2408 | D:4      | Reached skill level 2 in Bows
  2408 | D:4      | Reached skill level 2 in Armour
  2408 | D:4      | Reached skill level 2 in Stealth
  2408 | D:4      | Reached skill level 2 in Shields
  2408 | D:4      | Reached skill level 2 in Unarmed Combat
  2408 | D:4      | Reached skill level 2 in Spellcasting
  2473 | D:4      | Found a radiant altar of Vehumet.
  2520 | D:4      | Reached XP level 7. HP: 54/63 MP: 10/10
  2681 | D:4      | Noticed Nr616's ghost (amateur MiBe)
  2716 | D:4      | HP: 7/63 [Nr616's ghost (13)]
  2733 | D:4      | Killed Nr616's ghost
  2733 | D:4      | Reached skill level 2 in Conjurations
  2733 | D:4      | Reached skill level 2 in Hexes
  2733 | D:4      | Reached skill level 2 in Charms
  2733 | D:4      | Reached skill level 2 in Summonings
  2733 | D:4      | Reached skill level 2 in Necromancy
  2733 | D:4      | Reached skill level 2 in Translocations
  2733 | D:4      | Reached skill level 2 in Transmutations
  2733 | D:4      | Reached skill level 2 in Fire Magic
  2733 | D:4      | Reached skill level 2 in Ice Magic
  2733 | D:4      | Reached skill level 2 in Air Magic
  2733 | D:4      | Reached skill level 2 in Earth Magic
  2733 | D:4      | Reached skill level 2 in Poison Magic
  2917 | D:4      | Found a staircase to the Ecumenical Temple.
  2961 | Temple   | Entered the Ecumenical Temple
  3346 | D:4      | Reached skill level 9 in Fighting
  3366 | D:4      | Reached skill level 3 in Invocations
  3530 | D:5      | Entered Level 5 of the Dungeon
  3574 | D:5      | Reached XP level 8. HP: 68/71 MP: 12/12
  3786 | D:5      | Got a dazzling scimitar
  3798 | D:5      | Identified the +1 scimitar of Callousness {flame, *Drain rPois rF+ Str+3} (You found it on level 5 of the Dungeon)
  3842 | D:5      | Found a blossoming altar of Fedhas.
  3845 | D:5      | Found a stormy altar of Qazlal.
  3879 | D:5      | Reached skill level 4 in Crossbows
  3879 | D:5      | Reached skill level 4 in Throwing
  3879 | D:5      | Reached skill level 4 in Dodging
  3879 | D:5      | Reached skill level 4 in Evocations
  3971 | D:5      | Reached skill level 3 in Short Blades
  3971 | D:5      | Reached skill level 3 in Long Blades
  3971 | D:5      | Reached skill level 3 in Axes
  3971 | D:5      | Reached skill level 3 in Maces & Flails
  3971 | D:5      | Reached skill level 3 in Staves
  3971 | D:5      | Reached skill level 3 in Slings
  3971 | D:5      | Reached skill level 3 in Bows
  3971 | D:5      | Reached skill level 3 in Armour
  3971 | D:5      | Reached skill level 3 in Stealth
  3971 | D:5      | Reached skill level 3 in Shields
  3971 | D:5      | Reached skill level 3 in Unarmed Combat
  3971 | D:5      | Reached skill level 3 in Spellcasting
  4024 | D:5      | Found an ancient bone altar of Kikubaaqudgha.
  4026 | D:5      | Found a shattered altar of Ashenzari.
  4033 | D:5      | Became a worshipper of Ashenzari the Shackled
  4223 | D:5      | Found an iron altar of Okawaru.
  4622 | D:6      | Found a deep blue altar of Sif Muna.
  4711 | D:6      | Reached skill level 3 in Conjurations
  4711 | D:6      | Reached skill level 3 in Hexes
  4711 | D:6      | Reached skill level 3 in Charms
  4711 | D:6      | Reached skill level 3 in Summonings
  4711 | D:6      | Reached skill level 3 in Necromancy
  4711 | D:6      | Reached skill level 3 in Translocations
  4711 | D:6      | Reached skill level 3 in Transmutations
  4711 | D:6      | Reached skill level 3 in Fire Magic
  4711 | D:6      | Reached skill level 3 in Ice Magic
  4711 | D:6      | Reached skill level 3 in Air Magic
  4711 | D:6      | Reached skill level 3 in Earth Magic
  4711 | D:6      | Reached skill level 3 in Poison Magic
  4711 | D:6      | Reached skill level 4 in Invocations
  4786 | D:6      | Found a shadowy altar of Dithmenos.
  5012 | D:6      | Reached * piety under Ashenzari
  5017 | D:6      | Reached skill level 6 in Polearms
  5017 | D:6      | Reached XP level 9. HP: 70/76 MP: 14/14
  5223 | D:7      | Reached skill level 4 in Short Blades
  5223 | D:7      | Reached skill level 4 in Long Blades
  5223 | D:7      | Reached skill level 4 in Axes
  5223 | D:7      | Reached skill level 4 in Maces & Flails
  5223 | D:7      | Reached skill level 4 in Staves
  5223 | D:7      | Reached skill level 4 in Slings
  5223 | D:7      | Reached skill level 4 in Bows
  5223 | D:7      | Reached skill level 4 in Armour
  5223 | D:7      | Reached skill level 4 in Stealth
  5223 | D:7      | Reached skill level 4 in Shields
  5223 | D:7      | Reached skill level 4 in Unarmed Combat
  5223 | D:7      | Reached skill level 4 in Spellcasting
  5598 | D:7      | Reached skill level 5 in Crossbows
  5598 | D:7      | Reached skill level 5 in Throwing
  5598 | D:7      | Reached skill level 5 in Dodging
  5598 | D:7      | Reached skill level 5 in Evocations
  5619 | D:7      | Found Lisa's Antique Armour Boutique.
  5871 | D:7      | Reached skill level 5 in Invocations
  6151 | D:8      | Found a hide-covered altar of Uskayaw.
  6176 | D:8      | Reached XP level 10. HP: 45/84 MP: 17/17
  6431 | D:8      | Reached skill level 4 in Conjurations
  6431 | D:8      | Reached skill level 4 in Hexes
  6431 | D:8      | Reached skill level 4 in Charms
  6431 | D:8      | Reached skill level 4 in Summonings
  6431 | D:8      | Reached skill level 4 in Necromancy
  6431 | D:8      | Reached skill level 4 in Translocations
  6431 | D:8      | Reached skill level 4 in Transmutations
  6431 | D:8      | Reached skill level 4 in Fire Magic
  6431 | D:8      | Reached skill level 4 in Ice Magic
  6431 | D:8      | Reached skill level 4 in Air Magic
  6431 | D:8      | Reached skill level 4 in Earth Magic
  6431 | D:8      | Reached skill level 4 in Poison Magic
  6568 | D:8      | Reached skill level 5 in Short Blades
  6568 | D:8      | Reached skill level 5 in Long Blades
  6568 | D:8      | Reached skill level 5 in Axes
  6568 | D:8      | Reached skill level 5 in Maces & Flails
  6568 | D:8      | Reached skill level 5 in Staves
  6568 | D:8      | Reached skill level 5 in Slings
  6568 | D:8      | Reached skill level 5 in Bows
  6568 | D:8      | Reached skill level 5 in Armour
  6568 | D:8      | Reached skill level 5 in Stealth
  6568 | D:8      | Reached skill level 5 in Shields
  6568 | D:8      | Reached skill level 5 in Unarmed Combat
  6568 | D:8      | Reached skill level 5 in Spellcasting
  6693 | D:8      | Found a white marble altar of Elyvilon.
  6894 | D:7      | Bought a runed scarf for 176 gold pieces
  6894 | D:7      | Bought a pair of embroidered gloves for 165 gold pieces
  6964 | D:9      | Noticed a two-headed ogre
  6970 | D:9      | Killed a two-headed ogre
  6970 | D:9      | Reached skill level 10 in Fighting
  6970 | D:9      | Reached skill level 7 in Polearms
  7063 | D:9      | Reached skill level 6 in Crossbows
  7063 | D:9      | Reached skill level 6 in Throwing
  7063 | D:9      | Reached skill level 6 in Dodging
  7063 | D:9      | Reached skill level 6 in Evocations
  7570 | D:9      | Found a staircase to the Lair.
  7678 | D:9      | Found Zeriam's Distillery.
  7681 | D:9      | Found Ibyoripn's Weapon Shoppe.
  7885 | D:9      | Reached skill level 6 in Invocations
  7977 | Lair:1   | Entered Level 1 of the Lair of Beasts
  7977 | Lair:1   | Reached ** piety under Ashenzari
  8362 | Lair:1   | Reached XP level 11. HP: 91/91 MP: 19/19
  8702 | Lair:1   | Reached skill level 6 in Short Blades
  8702 | Lair:1   | Reached skill level 6 in Long Blades
  8702 | Lair:1   | Reached skill level 6 in Axes
  8702 | Lair:1   | Reached skill level 6 in Maces & Flails
  8702 | Lair:1   | Reached skill level 6 in Staves
  8702 | Lair:1   | Reached skill level 6 in Slings
  8702 | Lair:1   | Reached skill level 6 in Bows
  8702 | Lair:1   | Reached skill level 6 in Armour
  8702 | Lair:1   | Reached skill level 6 in Stealth
  8702 | Lair:1   | Reached skill level 6 in Shields
  8702 | Lair:1   | Reached skill level 6 in Unarmed Combat
  8702 | Lair:1   | Reached skill level 6 in Spellcasting
  9390 | Lair:2   | Found a frozen archway.
  9400 | Lair:2   | Reached skill level 5 in Conjurations
  9400 | Lair:2   | Reached skill level 5 in Hexes
  9400 | Lair:2   | Reached skill level 5 in Charms
  9400 | Lair:2   | Reached skill level 5 in Summonings
  9400 | Lair:2   | Reached skill level 5 in Necromancy
  9400 | Lair:2   | Reached skill level 5 in Translocations
  9400 | Lair:2   | Reached skill level 5 in Transmutations
  9400 | Lair:2   | Reached skill level 5 in Fire Magic
  9400 | Lair:2   | Reached skill level 5 in Ice Magic
  9400 | Lair:2   | Reached skill level 5 in Air Magic
  9400 | Lair:2   | Reached skill level 5 in Earth Magic
  9400 | Lair:2   | Reached skill level 5 in Poison Magic
  9416 | IceCv    | Entered an ice cave
  9480 | IceCv    | Killed a reaper
  9616 | IceCv    | HP: 20/92 [ice statue] (5)]
  9617 | IceCv    | HP: 4/92 [ice statue/bolt of cold (6)]
  9618 | IceCv    | Engulfed by an ice statue's freezing vapour

Vault maps used:
D:1:      ldierk_water_garden, tso_metal_star
D:2:      lemuel_round_altar, marbit_many_paths, tgw_xom, uniq_jessica,
          uniq_sigmund
D:3:      first_ration, kennysheep_generic_room_11
D:4:      vehumet_statue, minmay_temple_entry_mist
D:5:      grunt_temple_overflow_forces_of_nature, minitemple,
          okawaru_altar_gauntlet_db
D:6:      overflow_temple_1_default, basic_altar, minmay_misc_feat_hallway,
          minmay_unpleasant_kobolds
D:7:      serial_shops, shop
D:8:      elyvilon_altar_5, eat_drink_and_be_merry_uskayaw
D:9:      minmay_weird_star, serial_shops, nicolae_shop_trees,
          nicolae_shop_window_shopping
Temple:   zaba_magenta_temple
Lair:1:   serial_bayou_shore_b, serial_bayou_shore_b, serial_bayou_shore_b
Lair:2:   minmay_swamp_entry_worms, portal_ice_cave_demonic_guard, uniq_urug
IceCv:    ice_cave_small_demon

Skill      XL: |  1  2  3  4  5  6  7  8  9 10 11 |
---------------+----------------------------------+-----
Invocations    | 1 2 3 4 5 6 |  6.7
Short Blades   | 1 2 3 4 5 6 |  6.1
Long Blades    | 1 2 3 4 5 6 |  6.1
Axes           | 1 2 3 4 5 6 |  6.1
Maces & Flails | 1 2 3 4 5 6 |  6.1
Staves         | 1 2 3 4 5 6 |  6.1
Slings         | 1 2 3 4 5 6 |  6.1
Bows           | 1 2 3 4 5 6 |  6.1
Armour         | 1 2 3 4 5 6 |  6.1
Stealth        | 1 2 3 4 5 6 |  6.1
Shields        | 1 2 3 4 5 6 |  6.1
Unarmed Combat | 1 2 3 4 5 6 |  6.1
Spellcasting   | 1 2 3 4 5 6 |  6.1
Conjurations   | 1 2 3 4 5 |  5.0
Hexes          | 1 2 3 4 5 |  5.0
Charms         | 1 2 3 4 5 |  5.0
Summonings     | 1 2 3 4 5 |  5.0
Necromancy     | 1 2 3 4 5 |  5.0
Translocations | 1 2 3 4 5 |  5.0
Transmutations | 1 2 3 4 5 |  5.0
Fire Magic     | 1 2 3 4 5 |  5.0
Ice Magic      | 1 2 3 4 5 |  5.0
Air Magic      | 1 2 3 4 5 |  5.0
Earth Magic    | 1 2 3 4 5 |  5.0
Poison Magic   | 1 2 3 4 5 |  5.0
Crossbows      | 3 4 5 6 |  6.7
Throwing       | 3 4 5 6 |  6.7
Dodging        | 3 4 5 6 |  6.7
Evocations     | 3 4 5 6 |  6.7
Polearms       | 5 6 7 |  7.7
Fighting       | 9 10 | 10.4

Action                   |  1- 3 |  4- 6 |  7- 9 | 10-12 || total
-------------------------+-------+-------+-------+-------++-------
Melee: Spear             |    42 |   181 |   167 |       ||   390
       Bite              |     2 |    15 |    50 |    35 ||   102
       Punch             |       |     3 |     7 |       ||    10
       Scimitar          |       |       |   219 |   317 ||   536
Invok: Curse Item        |       |       |     3 |     1 ||     4
Evoke: Wand              |       |       |     1 |     5 ||     6
  Use: Potion            |       |     1 |     6 |     1 ||     8
       Scroll            |       |     5 |       |     8 ||    13
 Stab: Sleeping          |       |     4 |     5 |     6 ||    15
       Distracted        |       |     1 |     1 |       ||     2
  Eat: Chunk             |       |     2 |     9 |     4 ||    15
       Ration            |       |     1 |     1 |     3 ||     5
Armor: Ring mail         |     6 |    30 |   151 |   101 ||   288
       Skin              |       |    18 |    16 |       ||    34
Dodge: Dodged            |    11 |    55 |   311 |   194 ||   571
Block: Shield            |       |       |    19 |   201 ||   220
       Rpst.: Scimitar   |       |       |    83 |    53 ||   136

Table legend:
 A = Spawn XP
 B = Non-spawn XP
 C = Spawn XP percentage of total XP
 D = Spawn monster count
 E = Non-spawn monster count
 F = Spawn count percentage of total count
 G = Total turns spent on level
                    A         B        C        D         E        F      G
               +---------+---------+-------+---------+---------+-------+---------
         Total |       0 |   12383 |   0.0 |       0 |     231 |   0.0 |  9618
               +---------+---------+-------+---------+---------+-------+---------
           D:1 |       0 |      34 |   0.0 |       0 |      18 |   0.0 |   660
           D:2 |       0 |     385 |   0.0 |       0 |      29 |   0.0 |   906
           D:3 |       0 |      12 |   0.0 |       0 |       7 |   0.0 |   819
           D:4 |       0 |     746 |   0.0 |       0 |      17 |   0.0 |  1040
           D:5 |       0 |     254 |   0.0 |       0 |      17 |   0.0 |   849
           D:6 |       0 |    1081 |   0.0 |       0 |      20 |   0.0 |   799
           D:7 |       0 |    1693 |   0.0 |       0 |      34 |   0.0 |   935
           D:8 |       0 |    1657 |   0.0 |       0 |      30 |   0.0 |   826
           D:9 |       0 |    2102 |   0.0 |       0 |      30 |   0.0 |  1266
        Lair:1 |       0 |    3287 |   0.0 |       0 |      19 |   0.0 |  1078
        Lair:2 |       0 |     757 |   0.0 |       0 |       3 |   0.0 |   133
         IceCv |       0 |     375 |   0.0 |       0 |       7 |   0.0 |   202
               +---------+---------+-------+---------+---------+-------+---------

Vault maps used:
D:1:      ldierk_water_garden, tso_metal_star
D:2:      lemuel_round_altar, marbit_many_paths, tgw_xom, uniq_jessica,
          uniq_sigmund
D:3:      first_ration, kennysheep_generic_room_11
D:4:      vehumet_statue, minmay_temple_entry_mist
D:5:      grunt_temple_overflow_forces_of_nature, minitemple,
          okawaru_altar_gauntlet_db
D:6:      overflow_temple_1_default, basic_altar, minmay_misc_feat_hallway,
          minmay_unpleasant_kobolds
D:7:      serial_shops, shop
D:8:      elyvilon_altar_5, eat_drink_and_be_merry_uskayaw
D:9:      minmay_weird_star, serial_shops, nicolae_shop_trees,
          nicolae_shop_window_shopping
Temple:   zaba_magenta_temple
Lair:1:   serial_bayou_shore_b, serial_bayou_shore_b, serial_bayou_shore_b
Lair:2:   minmay_swamp_entry_worms, portal_ice_cave_demonic_guard, uniq_urug
IceCv:    ice_cave_small_demon

Table legend:
 A = Turns spent in this place as a percentage of turns spent in the entire game.
 B = Non-inter-level travel turns spent in this place as a percentage of non-inter-level travel turns spent in the entire game.
 C = Inter-level travel turns spent in this place as a percentage of turns spent in this place.
 D = Turns resting spent in this place as a percentage of non-inter-level travel turns spent in this place.
 E = Turns spent auto-exploring this place as a percentage of non-inter-level travel turns spent in this place.
 F = Non-inter-level travel turns spent in this place divided by the number of levels of this place that you've seen.
                   A       B       C       D       E      F
               +-------+-------+-------+-------+-------+----------------------
         Total | 100.0 | 100.0 |   3.8 |  21.8 |  58.3 | 711.9
       Dungeon |  84.2 |  83.9 |   4.1 |  20.6 |  60.8 | 863.0
        Temple |   1.1 |   1.0 |  13.3 |   0.0 |  64.8 |  91.0
          Lair |  12.6 |  12.9 |   1.3 |  22.7 |  50.6 | 597.5
      Ice Cave |   2.1 |   2.2 |   0.0 |  72.3 |   4.5 | 202.0
               +-------+-------+-------+-------+-------+----------------------

Table legend:
 A = Kills in this place as a percentage of kills in entire the game.
 B = Kills by you in this place as a percentage of kills by you in the entire game.
 C = Kills by friends in this place as a percentage of kills by friends in the entire game.
 D = Other kills in this place as a percentage of other kills in the entire game.
 E = Experience gained in this place as a percentage of experience gained in the entire game.
 F = Experience gained in this place divided by the number of levels of this place that you have seen.
                   A       B       C       D       E      F
               +-------+-------+-------+-------+-------+----------------------
         Total | 100.0 | 100.0 |   N/A |   N/A | 100.0 | 952.5
       Dungeon |  87.4 |  87.4 |   N/A |   N/A |  64.3 | 884.9
          Lair |   9.5 |   9.5 |   N/A |   N/A |  32.7 | 2022.0
      Ice Cave |   3.0 |   3.0 |   N/A |   N/A |   3.0 | 375.0
               +-------+-------+-------+-------+-------+----------------------
